 Dungeon Crawl Stone Soup version 0.29-a0-632-g781b4ac09e (webtiles) character file.

Game seed: 367731302242428620

30 Glafi the Skirmisher (level 3, -5/33 HPs)
             Began as a Minotaur Fighter on June 19, 2022.
             Slain by Sigmund
             ... wielding a +0 scythe
              (11 damage)
             ... on level 2 of the Dungeon.
             The game lasted 00:06:56 (1308 turns).

Glafi the Skirmisher (Minotaur Fighter)             Turns: 1308, Time: 00:06:57

Health: -5/33      AC:  7    Str: 22    XL:     3   Next: 3%
Magic:  2/2        EV:  9    Int: 11    God:
Gold:   133        SH:  4    Dex:  9    Spells: 2/2 levels left

rFire   . . .      SeeInvis .   a - +0 war axe
rCold   . . .      Faith    .   c - +0 buckler
rNeg    . . .      Spirit   .   b - +0 scale mail
rPois   .          Reflect  .   (helmet restricted)
rElec   .          Harm     .   (no cloak)
rCorr   .          Rampage  .   (no gloves)
Will    .....                   (no boots)
Stlth   ..........              (no amulet)
HPRegen 0.11/turn               i - +6 ring of intelligence
MPRegen 0.08/turn               (no ring)

@: no status effects
A: horns 2, retaliatory headbutt
a: no special abilities


You were on level 2 of the Dungeon.
You visited 1 branch of the dungeon, and saw 2 of its levels.

You collected 133 gold pieces.

Inventory:

Hand Weapons
 a - a +0 war axe (weapon)
Armour
 b - a +0 scale mail (worn)
 c - a +0 buckler (worn)
Jewellery
 i - a +6 ring of intelligence (left hand)
 o - an amulet of regeneration
Scrolls
 e - 2 scrolls of summoning {unknown}
 f - 3 scrolls of identify {unknown}
 j - 2 scrolls of magic mapping {unknown}
 k - a scroll of acquirement {unknown}
 l - a scroll of teleportation {unknown}
Potions
 d - a potion of might
 g - a potion of brilliance {unknown}
 h - 2 potions of haste {unknown}
 m - a potion of mutation {unknown}
 n - a potion of curing {unknown}


   Skills:
 * Level 4.3 Fighting
 + Level 2.8 Axes
 + Level 3.9 Armour
 + Level 0.1 Stealth
 + Level 4.0 Shields


You had 2 spell levels left.
You didn't know any spells.
Your spell library contained the following spells:

 Spells                   Type           Power      Damage    Failure   Level
 Apportation              Tloc           0%         N/A       75%         1
 Necrotize                Necr           0%         1d4       75%         1
 Summon Small Mammal      Summ           0%         N/A       75%         1


Dungeon Overview and Level Annotations

Branches:
Dungeon (2/15)

Altars:

Annotations:
D:2 Sigmund


Innate Abilities, Weirdness & Mutations

You have a pair of horns on your head.
You reflexively headbutt those who attack you in melee.


Message History

You completely miss the goblin. Your headbutt misses the goblin.
The goblin is moderately wounded.
The goblin barely misses you. The goblin completely misses you.
You furiously retaliate!
You headbutt the goblin!
You kill the goblin!
Found an escape hatch in the ceiling.
Found a stone staircase leading down.
Things that are here:
a +0 dagger; a goblin corpse You see here a hobgoblin corpse.
Found 10 gold pieces.
You now have 123 gold pieces (gained 12).
You now have 133 gold pieces (gained 10).
Sigmund the Dreaded comes into view.
He is wielding a +0 scythe.
Sigmund shouts!
Sigmund casts a spell at you.
You are confused.
Sigmund gestures at you while chanting.
The magic dart hits you but does no damage.
You bump into the rock wall.
Sigmund screams, "You will never...
NEVER!!!"
Sigmund gestures wildly while chanting.
Sigmund flickers and vanishes!
Deactivating autopickup; reactivate with Ctrl-A.
You completely miss something. Something hits you but does no damage.
Something hits you.
You bump into the rock wall.
You feel less confused. Something hits you!
You miss something.
You hear some strange, mumbled words.
You are confused.
You bump into the rock wall.
Something hits you but does no damage. Something hits you!
You feel less confused. Something hits you. Something hits you.
* * * LOW HITPOINT WARNING * * *
You miss something. Something hits you but does no damage.
You miss something. You headbutt something! Something hits you!
You die...

#.##.##....###.....
#.##.##.#.<........
##.##.##....###.....
#...........###.....
#..##........##.....
####..##†###.#..#####.#
##......).###.#..# #.#
#>.....##..##.#..# #.#
#.....{@.........## ##.#
#.....####.##.##..###...
#.....# #.##.###.##.###
#.....# #.##.# #....###
##..### #.##.# ####.#.#
#..# #.##.#####...#.
....######.##....##.##.#
.............#####.##.###.
##.###..#####>...##.#...#).


There were no monsters in sight!

Vanquished Creatures
  A dart slug (D:1)
  3 ball pythons
  3 endoplasms (D:1)
  8 goblins
  2 hobgoblins
  A bat (D:1)
  A frilled lizard (D:1)
  4 kobolds (D:2)
  3 rats (D:1)
26 creatures vanquished.

Notes
Turn   | Place    | Note
-------+----------+-------------------------------------------
     0 | D:1      | Glafi the Minotaur Fighter began the quest for the Orb.
     0 | D:1      | Reached XP level 1. HP: 19/19 MP: 0/0
   145 | D:1      | Reached XP level 2. HP: 26/27 MP: 1/1
   222 | D:1      | Found a faded altar of an unknown god.
  1172 | D:2      | Reached XP level 3. HP: 26/33 MP: 2/2
  1284 | D:2      | Noticed Sigmund
  1308 | D:2      | Slain by Sigmund

Illustrated notes

Levels and vault maps discovered:
D:1:      dpeg_arrival_shrine, layout_basic,
          hellmonk_ecumenical_altar_heavens_door
D:2:      layout_loops_ring, uniq_sigmund

Skill      XL: |  1  2 |
---------------+-------+-----
Fighting       | 4 |  4.3
Shields        | 4 |  4.0
Axes           | |  2.8
Armour         | |  3.9
Stealth        | |  0.1

Action                   || total
-------------------------++-------
Melee: War axe           ||    61
       Headbutt          ||     5
Armor: Scale mail        ||    24
Dodge: Dodged            ||    23
Block: Buckler           ||    13

Table legend: (Time is in decaauts)
 A = Elapsed time spent in this place.
 B = Non-inter-level travel time spent in this place.
 C = Inter-level travel time spent in this place.
 D = Time resting spent in this place.
 E = Time spent auto-exploring this place.
 F = Levels seen in this place.
 G = Mean time per level.
                   A        B        C        D        E       F      G
               +--------+--------+--------+--------+--------+-----+--------+
         Total |   1332 |   1302 |     30 |      0 |   1059 |   2 |  666.0 |
       Dungeon |   1332 |   1302 |     30 |      0 |   1059 |   2 |  666.0 |
               +--------+--------+--------+--------+--------+-----+--------+

Top non-repeatable levels by time:
     D:1: 800 daAuts
     D:2: 531 daAuts
